 Dungeon Crawl Stone Soup version 0.31-a0-844-gdc52ec4e09 (webtiles) character file.

Game seed: 13479648926245407420

339 Dirtsage the Chopper (level 6, 47/47 HPs)
             Began as a Demonspawn Berserker on Sept 28, 2023.
             Was a Believer of Trog.
             Quit the game on level 4 of the Dungeon.
             The game lasted 00:05:07 (2602 turns).

Dirtsage the Chopper (Demonspawn Berserker)         Turns: 2602, Time: 00:05:07

Health: 47/47      AC: 12    Str: 19    XL:     6   Next: 29%
Magic:  6/6        EV: 10    Int:  8    God:    Trog [**....]
Gold:   180        SH:  4    Dex: 13    Spells: 5/5 levels left

rFire   . . .        a - +0 hand axe
rCold   . . .        (no shield)
rNeg    . . .        l - +3 scale mail
rPois   .            (helmet restricted)
rElec   .            t - +0 cloak
rCorr   .            (no gloves)
SInv    .            (no boots)
Will    .....        (no amulet) Stlth
                     (no ring)
HPRegen 0.27/turn    (no ring)
MPRegen 0.20/turn

%: no passive effects
@: no status effects
A: horns 1, thin metallic scales 1, magic regeneration, condensation shield
a: Renounce Religion, Berserk, Trog's Hand


You were on level 4 of the Dungeon.
You worshipped Trog.
Trog was pleased with you.
You visited 2 branches of the dungeon, and saw 5 of its levels.

You collected 180 gold pieces.

Inventory:

Hand Weapons
 a - a +0 hand axe (weapon)
Armour
 l - a +3 scale mail (worn)
 t - a +0 cloak (worn)
Jewellery
 r - a ring of fire
Scrolls
 c - a scroll of revelation {unknown}
 h - a scroll of enchant weapon {unknown}
 k - a scroll of fog {unknown}
 m - a scroll of poison {unknown}
 n - a scroll of immolation {unknown}
 p - 2 scrolls of teleportation {unknown}
 q - 2 scrolls of amnesia {unknown}
 s - 2 scrolls of identify {unknown}
Potions
 b - 2 potions of heal wounds {unknown}
 d - 2 potions of lignification {unknown}
 e - 2 potions of attraction {unknown}
 f - 2 potions of mutation {unknown}
 g - 2 potions of might {unknown}
 i - 2 potions of curing {unknown}
 j - a potion of berserk rage {unknown}
 o - 3 potions of ambrosia {unknown}


   Skills:
 - Level 3.0 Fighting
 + Level 6.5 Axes
 - Level 1.7 Armour
 - Level 1.7 Dodging


You had 5 spell levels left.
You didn't know any spells.
Your spell library contained the following spells:

 Spells                   Type           Power      Damage    Failure   Level
 Blink                    Tloc           0%         N/A       90%         2
 Ozocubu's Armour         Ice            0%         N/A       99%         3
 Animate Armour           Summ/Erth      0%         N/A       100%        4
 Manifold Assault         Tloc           0%         N/A       100%        4
 Summon Lightning Spire   Summ/Air       0%         N/A       100%        4
 Lee's Rapid Deconstruct  Erth           0%         3d4*      100%        5
 Metabolic Englaciation   Hex/Ice        0%         N/A       100%        5
 Simulacrum               Ice/Necr       0%         N/A       100%        6


Dungeon Overview and Level Annotations

Branches:
Dungeon (4/15)             Temple (1/1) D:4

Altars:
Ashenzari
Dithmenos
Fedhas
Gozag
Hepliaklqana
Kikubaaqudgha
Makhleb
Okawaru
Qazlal
Ru
Sif Muna
Trog
Wu Jian
Yredelemnul


Innate Abilities, Weirdness & Mutations

You have a pair of small horns on your head.
You are partially covered in thin metallic scales. (AC +2)
You regenerate magic rapidly.
A meltable shield of frost defends you. (SH +4)


Message History

You barely miss the scorpion.
The scorpion stings you but does no damage.
The scorpion barely misses you.
You barely miss the scorpion.
The scorpion stings you but does no damage.
You barely miss the scorpion.
You headbutt the scorpion, but do no damage.
The scorpion stings you but does no damage.
You hit the scorpion but do no damage. The scorpion stings you.
You take 2 damage, and have 45/47 hp.
You hit the scorpion.
The scorpion is moderately wounded.
The scorpion misses you.
You hit the scorpion but do no damage.
The scorpion is moderately wounded.
The scorpion stings you but does no damage. x2
You closely miss the scorpion.
You headbutt the scorpion, but do no damage.
The scorpion is moderately wounded.
The scorpion barely misses you.
You hit the scorpion.
The scorpion is heavily wounded.
The scorpion closely misses you.
You hit the scorpion. You headbutt the scorpion.
You kill the scorpion!
Trog accepts your kill.
Health restored: 47 No target in view!
No target in view!
You see here a scorpion corpse.
Found a stone staircase leading down.
b - 2 emerald potions (gained 1)
There is a stone staircase leading down here.
You see here a +0 leather armour.
You see here the +2 ring mail of Lies {rCorr MP+9 Dex+3 Stlth+}.
You now have 180 gold pieces (gained 13).
You see here a +0 leather armour.
Done exploring.
Done exploring.
Are you sure you want to abandon this character and quit the game? (Confirm with "yes".)

[# #.# #.....####.# #.########.##
.###'###..........# #...## #.##
.............########.#..# #.##
####.#.........<.....###'### #.##
#.#..##>####.######.....# #.##
#............######.###.###.##
######..##...........'.#>#.'.#.##
.....................#.#'#)#.....
##############..@#####.....#...##
#.......###+###..... #...#####
#.....#### ##### ####### # # #


There were no monsters in sight!

Vanquished Creatures
  2 scorpions
  Terence (D:2)
  Natasha (D:4)
  An iguana (D:4)
  8 adders
  A worm (D:2)
  2 dart slugs
  5 orcs (D:4)
  5 bats (D:1)
  4 endoplasms
  A giant cockroach (D:2)
  5 goblins
  5 hobgoblins
  3 jackals (D:1)
  8 kobolds
  2 quokkas
  8 ball pythons
  3 frilled lizards
  5 rats
70 creatures vanquished.

Notes
Turn   | Place    | Note
-------+----------+-------------------------------------------
     0 | D:1      | Dirtsage the Demonspawn Berserker began the quest for the
                  | Orb.
     0 | D:1      | Reached XP level 1. HP: 18/18 MP: 1/1
   114 | D:1      | Reached skill level 3 in Axes
   263 | D:1      | Gained mutation: You have a pair of small horns on your
                  | head. [demonic ancestry]
   263 | D:1      | Reached XP level 2. HP: 24/24 MP: 2/2
   597 | D:1      | Reached ** piety under Trog
   701 | D:1      | Reached XP level 3. HP: 28/29 MP: 3/3
   846 | D:2      | Reached skill level 4 in Axes
   861 | D:2      | Found a faded altar of an unknown god.
   992 | D:2      | Gained mutation: A meltable shield of frost defends you.
                  | (SH +4) [demonic ancestry]
   992 | D:2      | Reached XP level 4. HP: 33/35 MP: 4/4
  1077 | D:2      | Noticed Terence
  1088 | D:2      | Killed Terence
  1232 | D:2      | Reached skill level 5 in Axes
  1540 | D:3      | Noticed a scorpion
  1551 | D:3      | Killed a scorpion
  1552 | D:3      | Gained mutation: You are partially covered in thin metallic
                  | scales. (AC +2) [demonic ancestry]
  1552 | D:3      | Reached XP level 5. HP: 41/41 MP: 5/5
  1678 | D:3      | Found a burning altar of Makhleb.
  1678 | D:3      | Found a stormy altar of Qazlal.
  1921 | D:4      | Found a hazy altar of Hepliaklqana.
  1957 | D:4      | Found a staircase to the Ecumenical Temple.
  1965 | Temple   | Entered the Ecumenical Temple
  2014 | D:4      | Found a blossoming altar of Fedhas.
  2060 | D:4      | Noticed Natasha
  2065 | D:4      | Killed Natasha
  2066 | D:4      | Reached skill level 6 in Axes
  2151 | D:4      | Found a shadowy altar of Dithmenos.
  2288 | D:4      | Gained mutation: You regenerate magic rapidly. [demonic
                  | ancestry]
  2288 | D:4      | Reached XP level 6. HP: 43/47 MP: 6/6
  2526 | D:4      | Identified the +2 ring mail of Lies {rCorr MP+9 Dex+3
                  | Stlth+}
  2602 | D:4      | Quit the game

Illustrated notes

Levels and vault maps discovered:
D:1:      mushboom_english_gardens, layout_loops_cross
D:2:      layout_basic, basic_altar, hellmonk_ecumenical_altar_leap_of_faith,
          uniq_terence
D:3:      layout_rooms, gammafunk_temple_overflow_statue, dk_noncrumbling_4
D:4:      layout_loops_ring, kennysheep_mini, amcnicky_altar_gilded,
          lemuel_doored_altar, minmay_temple_entry_glassed_door, uniq_natasha
Temple:   minmay_temple_curvy_loop

Skill      XL: |  1  2  3  4  5 |
---------------+----------------+-----
Axes           | 3 4 5 6 |  6.5
Fighting       | |  3.0
Armour         | |  1.7
Dodging        | |  1.7

Action                     |  1- 3 |  4- 6 || total
---------------------------+-------+-------++-------
  Melee: Hand axe          |   149 |   110 ||   259
         Headbutt          |    11 |    21 ||    32
         Punch             |     1 |     2 ||     3
 Invoke: Berserk           |     1 |     3 ||     4
   Stab: Sleeping          |     1 |       ||     1
 Armour: Ring mail         |   108 |     4 ||   112
         Animal skin       |     5 |       ||     5
         Scale mail        |       |    51 ||    51
  Dodge: Dodged            |   111 |    47 ||   158
  Block: Other             |       |    11 ||    11

Table legend: (Time is in decaauts)
 A = Elapsed time spent in this place.
 B = Non-inter-level travel time spent in this place.
 C = Inter-level travel time spent in this place.
 D = Time resting spent in this place.
 E = Time spent auto-exploring this place.
 F = Levels seen in this place.
 G = Mean time per level.
                   A        B        C        D        E       F      G
               +--------+--------+--------+--------+--------+-----+--------+
         Total |   2661 |   2605 |     56 |    167 |   1873 |   5 |  532.2 |
       Dungeon |   2659 |   2603 |     56 |    167 |   1873 |   4 |  664.8 |
        Temple |      1 |      1 |      0 |      0 |      0 |   1 |    1.0 |
               +--------+--------+--------+--------+--------+-----+--------+

Top non-repeatable levels by time:
     D:1: 796 daAuts
     D:4: 708 daAuts
     D:2: 654 daAuts
     D:3: 500 daAuts
  Temple: 1 daAuts
